 Dungeon Sprint DCSS version 0.30-a0-596-g0af90f9a20 (webtiles) character file.

Game seed: 3660787400367075585

84091981 rocky1 the Swordfish (level 22, 212/212 HPs)
             Began as a Merfolk Gladiator on Jan 7, 2023.
             Was an Initiate of Gozag.
             Escaped with the Orb
             ... and 17 runes!
             The game lasted 00:58:51 (21772 turns).

rocky1 the Swordfish (Merfolk Gladiator)           Turns: 21772, Time: 00:58:52

Health: 212/212    AC: 42    Str: 14    XL:     22   Next: 88%
Magic:  50/50      EV: 33    Int: 15    God:    Gozag
Gold:   10101      SH: 40    Dex: 39    Spells: 69/69 levels left

rFire   + + +      SeeInvis +    x - +5 eudemon blade (holy)
rCold   + + .      Faith    .    S - +8 tower shield
rNeg    . . .      Spirit   .    L - +8 chain mail "Ehamn" {rF+ Str+2}
rPois   +          Reflect  .    R - +2 hat {Will+}
rElec   .          Harm     .    p - scarf {rC+ rF+}
rCorr   .          Rampage  .    K - +3 pair of gauntlets of War {Slay+5}
Will    +....      NoTele   +    v - +5 pair of boots "Forget-Me-Not" {rF+ rC+}
Stlth   +++                      Q - amulet of Depilal {+Inv rPois Regen+ Str-2 Int+6}
HPRegen 1.35/turn                C - ring of Xaupol {Drain rF+ Will- Dex+8 SInv}
MPRegen 0.32/turn                a - +6 ring of dexterity

@: no status effects
A: (nimble swimmer 2), mertail, fangs 1, iridescent scales 1, passive freeze,
screaming 1
0: Orb of Zot
}: 17/17 runes: decaying, serpentine, barnacled, slimy, elven, silver, golden,
iron, obsidian, icy, bone, abyssal, glowing, magical, fiery, dark, gossamer
a: Renounce Religion, Evoke Invisibility, Potion Petition, Call Merchant, Bribe
Branch


You escaped.
You worshipped Gozag.
Gozag was extremely pleased with you.
You visited 1 branch You collected 65984 gold pieces.
You spent 17744 gold pieces at shops.
You paid 38139 gold pieces to Gozag.

Inventory:

Hand Weapons
 c - a +3 hand crossbow of freezing
 n - the +2 scimitar of Nobinn {speed, Str+3}
   (You found it in the Dungeon)

   Str:       It affects your strength (+3).
 q - a +4 double sword of freezing
 x - a +5 eudemon blade of holy wrath (weapon)
 F - the +27 heavy crossbow "Sniper" {heavy, Acc+∞ SInv}
   (You bought it in a shop in the Dungeon)

   Any ammunition fired from it never misses its target.
   SInv:      It lets you see invisible.
 H - the +1 scimitar of Karch {venom, rPois rC+++ Str+2 Dex-3}
   (You bought it in a shop in the Dungeon)

   Str:       It affects your strength (+2).
   Dex:       It affects your dexterity (-3).
   rC:        It renders you almost immune to cold.
   rPois:     It protects you from poison.
 M - the +6 sword of Cerebov {flame}
   (You took it off Cerebov in the Dungeon)

   It temporarily reduces the fire resistance of those it strikes.
Missiles
 d - 3 throwing nets
 e - 4 javelins (quivered)
Armour
 p - a scarf of resistance (worn)
 v - the +5 pair of boots "Forget-Me-Not" (worn) {rF+ rC+}
   (You bought it in a shop in the Dungeon)

   rF:        It protects you from fire.
   rC:        It protects you from cold.
 K - the +3 pair of gauntlets of War (worn) {Slay+5}
   (You bought it in a shop in the Dungeon)

   Slay:      It affects your accuracy & damage with ranged weapons and melee
   (+5).
 L - the +8 chain mail "Ehamn" (worn) {rF+ Str+2}
   (You bought it in a shop in the Dungeon)

   Str:       It affects your strength (+2).
   rF:        It protects you from fire.
 R - a +2 hat of willpower (worn)
 S - a +8 tower shield (worn)
Jewellery
 a - a +6 ring of dexterity (right hand)
 y - the ring "Lyixtob" {rPois MP+9 Stlth+}
   (You found it in the Dungeon)

   [ring of poison resistance]

   rPois:     It protects you from poison.
   MP:        It affects your magic capacity (+9).
   Stlth:     It makes you more stealthy.
 C - the ring of Xaupol (left hand) {Drain rF+ Will- Dex+8 SInv}
   (You bought it in a shop in the Dungeon)

   [ring of see invisible]

   Dex:       It affects your dexterity (+8).
   rF:        It protects you from fire.
   SInv:      It lets you see invisible.
   Drain:     It drains your maximum health when unequipped.
   Will:      It decreases your willpower.
 N - the ring of Ukku {rPois Str+3 Slay+3 SInv}
   (You found it in the Dungeon)

   [ring of poison resistance]

   Str:       It affects your strength (+3).
   Slay:      It affects your accuracy & damage with ranged weapons and melee
   (+3).
   rPois:     It protects you from poison.
   SInv:      It lets you see invisible.
 O - the ring "Kummekuo" {Will- Str+2 Int+6 Dex+2}
   (You found it in the Dungeon)

   [ring of intelligence]

   Str:       It affects your strength (+2).
   Int:       It affects your intelligence (+6).
   Dex:       It affects your dexterity (+2).
   Will:      It decreases your willpower.
 P - the ring of the Leaf {Fire Dex+5}
   (You found it in the Dungeon)

   [ring of fire]

   It enhances your fire magic.
   Dex:       It affects your dexterity (+5).
   rF:        It protects you from fire.
   rC:        It makes you vulnerable to cold.
 Q - the amulet of Depilal (around neck) {+Inv rPois Regen+ Str-2 Int+6}
   (You found it in the Dungeon)

   [amulet of regeneration]

   Str:       It affects your strength (-2).
   Int:       It affects your intelligence (+6).
   rPois:     It protects you from poison.
   +Inv:      It lets you turn invisible.
   Regen:     It increases your rate of health regeneration.
Wands
 b - a wand of digging (6)
 m - a wand of iceblast (4)
 D - a wand of flame (8)
 E - a wand of charming (3)
Scrolls
 k - 3 scrolls of amnesia
 s - 3 scrolls of fog
 t - a scroll of poison
 u - a scroll of immolation
 I - 7 scrolls of identify
 J - 4 scrolls of fear
Potions
 f - 9 potions of curing
 g - a potion of might
 h - 2 potions of resistance
 i - 12 potions of magic
 j - 2 potions of haste
 l - a potion of flight
 r - 2 potions of berserk rage
 w - 2 potions of heal wounds
 z - a potion of invisibility
 A - a potion of cancellation
 B - 4 potions of brilliance
 G - 2 potions of attraction
Miscellaneous
 o - a phial of floods
 T - a tin of tremorstones (2/2)


   Skills:
 O Level 27 Fighting
 O Level 27 Long Blades
 O Level 27 Ranged Weapons
 O Level 27 Throwing
 O Level 27 Armour
 O Level 27 Dodging
 O Level 27 Stealth
 O Level 27 Shields
 + Level 24.1 Spellcasting
 + Level 23.5 Air Magic
 O Level 27 Evocations


You had 69 spell levels left.
You didn't know any spells.
Your spell library contained the following spells:

 Spells                   Type           Power      Damage    Failure   Level
 Swiftness                Air            73%        N/A       0%          3
 Cigotuvi's Dreadful Rot  Necr/Pois/Air  82%        N/A       1%          2
 Poisonous Vapours        Pois/Air       100%       N/A       1%          2
 Kindle Blastsparks       Fire/Tloc/Air  82%        2d16      1%          3
 Mephitic Cloud           Conj/Pois/Air  41%        N/A       1%          3
 Freezing Cloud           Conj/Ice/Air   20%        6-21      10%         5
 Ensorcelled Hibernation  Hex/Ice        36%        N/A       14%         2
 Passwall                 Tmut/Erth      15%        N/A       14%         2
 Sublimation of Blood     Necr           18%        N/A       14%         2
 Call Canine Familiar     Summ           18%        N/A       26%         3
 Frozen Ramparts          Ice            36%        1d6       26%         3
 Hailstorm                Conj/Ice       18%        3d6       26%         3
 Ignite Poison            Fire/Tmut/Pois 18%        N/A       26%         3
 Inner Flame              Hex/Fire       18%        N/A       26%         3
 Ozocubu's Armour         Ice            18%        N/A       26%         3
 Portal Projectile        Hex/Tloc       36%        N/A       26%         3
 Cause Fear               Hex            9%         N/A       65%         4
 Flame Wave               Conj/Fire      18%        2d7       65%         4
 Ice Form                 Ice/Tmut       18%        N/A       65%         4
 Leda's Liquefaction      Hex/Erth       9%         N/A       65%         4
 Petrify                  Tmut/Erth      18%        N/A       65%         4
 Sticky Flame             Conj/Fire      18%        2d4       65%         4
 Summon Ice Beast         Ice/Summ       18%        N/A       65%         4
 Alistair's Intoxication  Tmut/Pois      12%        N/A       94%         5
 Borgnjor's Vile Clutch   Necr/Erth      9%         N/A       94%         5
 Irradiate                Conj/Tmut      9%         3d14      94%         5
 Metabolic Englaciation   Hex/Ice        9%         N/A       94%         5
 Summon Mana Viper        Hex/Summ       18%        N/A       94%         5
 Eringya's Noxious Bog    Tmut/Pois      9%         N/A       100%        6
 Monstrous Menagerie      Summ           9%         N/A       100%        7
 Discord                  Hex            9%         N/A       100%        8
 Simulacrum               Ice/Necr       Unusable   N/A       N/A         6

Dungeon Overview and Level Annotations

Branches:
Dungeon (1/1)

Altars:
Cheibriados
Dithmenos
Elyvilon
Fedhas
Gozag
Hepliaklqana
Kikubaaqudgha
Makhleb
Nemelex Xobeh
Okawaru
Qazlal
Ru
Sif Muna
Trog
Uskayaw
Vehumet
Wu Jian
Xom
Yredelemnul
Zin
The Shining One
Jiyva
Lugonu

Shops:
D ?!(?*[![*[[*!***((*=(


Innate Abilities, Weirdness & Mutations

((You are very nimble when in or above water. (Stealth+, EV+, Speed+++)))
Your lower body shifts to a powerful aquatic tail in water.
You have very sharp teeth.
You are partially covered in iridescent scales. (AC +2)
A frigid envelope surrounds you and freezes all who hurt you.
You occasionally shout uncontrollably at your foes.


Message History

Things that are here:
a +0 chain mail; a +0 trident
There is an open door to the Dungeon, spattered with blood here.
You see here a +0 helmet.
You see here a +0 barding.
Items here: ))))).
There is an open door here.
There is a glowing golden altar of the Shining One here.
There is a glowing silver altar of Zin here.
There is a basalt altar of Yredelemnul here.
There is a shimmering altar of Xom here.
There is an ornate altar of the Wu Jian Council here.
There is a radiant altar of Vehumet here.
There is a hide-covered altar of Uskayaw here.
There is a bloodstained altar of Trog here.
There is a shimmering blue altar of Sif Muna here.
There is a sacrificial altar of Ru here.
There is a stormy altar of Qazlal here.
There is an iron altar of Okawaru here.
There is a sparkling altar of Nemelex Xobeh here.
There is a burning altar of Makhleb here.
There is a corrupted altar of Lugonu here.
There is an ancient bone altar of Kikubaaqudgha here.
There is a hazy altar of Hepliaklqana here.
You see here a +4 scythe of freezing.
There is an opulent altar of Gozag, spattered with blood here.
There is a blossoming altar of Fedhas, spattered with blood here.
You see here a +0 short sword.
There is a white marble altar of Elyvilon here.
There is a shadowy altar of Dithmenos here.
There is a snail-covered altar of Cheibriados here.
There is a roughly hewn altar of Beogh here.
There is an open door to the Temple here.
There is an open door, spattered with blood here.
There is an open door to the Dungeon, spattered with blood here.
Things that are here:
a stone; a +0 dagger
There is a staircase leading out of the dungeon here.
You can't go down here!
You have escaped!

▓▓▓▓▓▓▓▓▓▓▓▓▓▓▓▓▓▓
▓@...(.....'.....'
▓▓▓▓▓▓▓▓▓▓▓▓▓▓▓▓▓▓
▓.................
▓.▓▓▓▓▓▓▓▓▓▓▓▓▓▓▓▓
▓.......'......)..
▓▓▓▓▓▓▓▓▓▓▓▓▓▓▓▓▓▓
▓..........[......
▓.▓▓▓▓▓▓▓▓▓▓▓▓▓▓▓▓
▓.............'[[)


There were no monsters in sight!

Vanquished Creatures
  Cerebov (D)
  Antaeus (D)
  Asmodeus (D)
  the Royal Jelly (D)
  Ereshkigal (D)
  Gloorx Vloq (D)
  Mnoleg (D)
  Lom Lobon (D)
  5 orbs of fire (D)
  Mennas (D)
  6 ancient liches (D)
  Mara (D)
  Dispater (D)
  6 pandemonium lords (D)
  Sojobo (D)
  7 royal mummies (D)
  Frederick (D)
  Boris (twice) (D)
  Saint Roka (D)
  Margery (D)
  A curse toe (D)
  5 golden dragons (D)
  Nikola (D)
  Geryon (D)
  Jory (D)
  2 bone dragons (D)
  5 electric golems (D)
  2 hellephants (D)
  3 Brimstone Fiends (D)
  3 tentacled monstrosities (D)
  4 liches (D)
  An Ice Fiend (D)
  35 Orb Guardians (D)
  2 titans (D)
  6 deep elf blademasters (D)
  2 deep elf master archers (D)
  3 quicksilver dragons (D)
  5 Executioners (D)
  12 acid blobs (D)
  A death cob (D)
  Gastronok (D)
  3 tengu reavers (D)
  13 sphinxes (D)
  Agnes (D)
  7 shadow dragons (D)
  3 rockslimes (D)
  3 storm dragons (D)
  5 azure jellies (D)
  A daeva (D)
  A draconian monk (D)
  A demonspawn warmonger (D)
  6 emperor scorpions (D)
  Ilsuiw (D)
  A frost giant (D)
  An iron dragon (D)
  4 vault wardens (D)
  5 nagarajas (D)
  5 balrugs (D)
  A draconian scorcher (D)
  A cacodemon (D)
  4 ghost moths (D)
  Louise (D)
  2 draconian stormcallers (D)
  2 reapers (D)
  A war gargoyle (D)
  An angel (D)
  2 draconian annihilators (D)
  11 stone giants (D)
  4 very ugly things (D)
  5 quicksilver oozes (D)
  3 ironbound preservers (D)
  4 black draconians (D)
  2 green draconians (D)
  3 demonspawn blood saints (D)
  4 deep elf demonologists (D)
  An ironbound thunderhulk (D)
  9 vampire knights (D)
  A lorocyproca (D)
  3 red draconians (D)
  A purple draconian (D)
  A white draconian (D)
  A spark wasp (D)
  2 yellow draconians (D)
  A starcursed mass (D)
  Snorg (D)
  3 blizzard demons (D)
  2 deep elf death magi (D)
  2 mummy priests (D)
  8 fire dragons (D)
  A green death (D)
  A rakshasa (D)
  5 ettins (D)
  3 great orbs of eyes (D)
  6 merfolk impalers (D)
  2 deep elf high priests (D)
  2 merfolk javelineers (D)
  27 vault guards (D)
  A yaktaur captain (D)
  2 ghost crabs (D)
  5 ice dragons (D)
  2 centaur warriors (D)
  4 hydras (D)
  4 two-headed ogres (D)
  2 anacondas (D)
  4 ogre magi (D)
  3 merfolk avatars (D)
  3 merfolk aquamancers (D)
  A death yak (D)
  A deep troll shaman (D)
  4 hell hogs (D)
  2 tengu warriors (D)
  4 naga warriors (D)
  2 spriggan berserkers (D)
  12 spriggans (D)
  2 naga sharpshooters (D)
  5 hell knights (D)
  3 shock serpents (D)
  A soul eater (D)
  A sun moth (D)
  10 sun demons (D)
  2 pharaoh ants (D)
  A glowing orange brain (D)
  A cherub (D)
  2 sixfirhies (D)
  A spriggan druid (D)
  2 sea snakes (D)
  2 shadow demons (D)
  5 swamp dragons (D)
  2 wizards (D)
  A steelbarb worm (D)
  A lindwurm (D)
  3 ironbound convokers (D)
  A harpy (D)
  2 necromancers (D)
  4 orc knights (D)
  2 ugly things (D)
  A cyclops (D)
  2 orc sorcerers (D)
  A wolf spider (D)
  A manticore (D)
  8 moths of wrath (D)
  A toenail golem (D)
  2 will-o-the-wisps (D)
  2 rust devils (D)
  Joseph (D)
  3 guardian serpents (D)
  3 naga magi (D)
  2 orange demons (D)
  2 torpor snails (D)
  A merfolk siren (D)
  A smoke demon (D)
  3 vault sentinels (D)
  A cane toad (D)
  A demonic crawler (D)
  A rime drake (D)
  2 komodo dragons (D)
  A tormentor (D)
  2 ice devils (D)
  A kobold demonologist (D)
  2 tengu conjurers (D)
  19 guardian mummies (D)
  A wandering mushroom (D)
  2 yaktaurs (D)
  2 red devils (D)
  2 trolls (D)
  A merfolk (D)
  3 hellwings (D)
  A polar bear (D)
  A wind drake (D)
  A hornet (D)
  A tarantella (shapeshifter) (D)
  A tyrant leech (D)
  A snapping turtle (D)
  A tarantella (D)
  A dream sheep (D)
  2 jumping spiders (D)
  A flying skull (D)
  3 ynoxinuls (D)
  6 large abominations (D)
  A slime creature (D)
  5 yaks (D)
  A basilisk (D)
  Eustachio (D)
  2 redbacks (D)
  2 neqoxecs (D)
  A vampire mosquito (D)
  4 chaos spawn (D)
  A warg (D)
  An acid dragon (D)
  3 water moccasins (D)
  2 floating eyes (D)
  5 hell hounds (D)
  5 swamp drakes (D)
  12 orc warriors (D)
  A boggart (D)
  5 ogres (D)
  8 wolves (D)
  A kobold brigand (D)
  2 small abominations (D)
  A wight (D)
  A howler monkey (D)
  2 hounds (D)
  6 orc priests (D)
  2 orc wizards (D)
  An ufetubus (D)
  7 orcs (D)
  A bat (D)
  A hobgoblin (D)
  A jackal (D)
  A kobold (D)
  2 rats (D)
  A fire vortex (D)
627 creatures vanquished.

Vanquished Creatures (others)
  A purple draconian (D)
  An ogre mage (D)
  A spriggan druid (D)
  A shadow demon (D)
4 creatures vanquished.

Grand Total: 631 creatures vanquished

Notes
Turn   | Place    | Note
-------+----------+-------------------------------------------
     0 | D        | rocky1 the Merfolk Gladiator began the quest for the Orb.
     0 | D        | Reached XP level 1. HP: 16/16 MP: 1/1
    22 | D        | Noticed a hound
    22 | D        | Noticed a hound
    27 | D        | Found a snail-covered altar of Cheibriados.
    27 | D        | Found a shadowy altar of Dithmenos.
    27 | D        | Found a white marble altar of Elyvilon.
    27 | D        | Found a blossoming altar of Fedhas.
    27 | D        | Found an opulent altar of Gozag.
    28 | D        | Found a hazy altar of Hepliaklqana.
    29 | D        | Found a viscous altar of Jiyva.
    30 | D        | Found an ancient bone altar of Kikubaaqudgha.
    31 | D        | Found a corrupted altar of Lugonu.
    32 | D        | Found a burning altar of Makhleb.
    33 | D        | Found a sparkling altar of Nemelex Xobeh.
    34 | D        | Found an iron altar of Okawaru.
    35 | D        | Became a worshipper of Gozag Ym Sagoz the Greedy
    48 | D        | Killed a hound
    49 | D        | Reached skill level 1 in Armour
    49 | D        | Reached skill level 5 in Dodging
    49 | D        | Reached XP level 2. HP: 24/24 MP: 2/2
    49 | D        | Reached XP level 3. HP: 29/29 MP: 3/3
    64 | D        | Reached XP level 4. HP: 30/37 MP: 4/4
    70 | D        | Found a stormy altar of Qazlal.
    71 | D        | Found a sacrificial altar of Ru.
    72 | D        | Found a shimmering blue altar of Sif Muna.
    73 | D        | Found a bloodstained altar of Trog.
    74 | D        | Found a hide-covered altar of Uskayaw.
    75 | D        | Found a radiant altar of Vehumet.
    76 | D        | Found an ornate altar of the Wu Jian Council.
    77 | D        | Found a shimmering altar of Xom.
    78 | D        | Found a basalt altar of Yredelemnul.
    79 | D        | Found a glowing silver altar of Zin.
    85 | D        | Found a glowing golden altar of the Shining One.
   114 | D        | Got the +2 scimitar of Nobinn {speed, Str+3}
   237 | D        | Noticed an orc warrior
   237 | D        | Noticed a troll
   237 | D        | Noticed a yak
   237 | D        | Noticed a kobold brigand
   256 | D        | Killed an orc warrior
   257 | D        | Reached skill level 5 in Fighting
   257 | D        | Reached XP level 5. HP: 19/46 MP: 5/5
   266 | D        | Killed a troll
   267 | D        | Reached XP level 6. HP: 36/55 MP: 6/6
   273 | D        | Killed a yak
   274 | D        | Reached skill level 10 in Dodging
   274 | D        | Reached XP level 7. HP: 40/60 MP: 7/7
   480 | D        | Noticed a tengu conjurer
   480 | D        | Noticed a troll
   480 | D        | Noticed a manticore
   480 | D        | Noticed a kobold demonologist
   480 | D        | Noticed a basilisk
   480 | D        | Noticed a centaur warrior
   484 | D        | Killed a tengu conjurer
   485 | D        | Reached skill level 5 in Armour
   485 | D        | Reached XP level 8. HP: 69/69 MP: 8/8
   492 | D        | Killed a troll
   496 | D        | Killed a manticore
   513 | D        | Killed a kobold demonologist
   514 | D        | Reached skill level 15 in Long Blades
   514 | D        | Reached XP level 9. HP: 65/78 MP: 9/9
   518 | D        | Reached skill level 10 in Fighting
   543 | D        | Killed a centaur warrior
   880 | D        | Noticed a polar bear
   880 | D        | Noticed a torpor snail
   889 | D        | Killed a polar bear
   890 | D        | Noticed a rime drake
   896 | D        | Noticed a cane toad
   916 | D        | Killed a torpor snail
   917 | D        | Reached XP level 10. HP: 77/88 MP: 10/10
   947 | D        | Killed a cane toad
  1096 | D        | Bought a pair of runed gloves for 262 gold pieces
  1096 | D        | Bought a pair of heavily runed boots for 332 gold pieces
  1096 | D        | Identified the +5 pair of boots "Forget-Me-Not" {rF+ rC+}
                  | (You bought it in a shop in the Dungeon)
  1096 | D        | Bought an embroidered cloak for 262 gold pieces
  1215 | D        | Bought a runed scale mail for 245 gold pieces
  1233 | D        | Noticed a four-headed hydra
  1233 | D        | Noticed a death yak
  1243 | D        | Killed a four-headed hydra
  1251 | D        | Reached skill level 15 in Dodging
  1260 | D        | Killed a death yak
  1343 | D        | Reached XP level 11. HP: 97/97 MP: 11/11
  1475 | D        | Noticed Eustachio
  1483 | D        | Killed Eustachio
  1494 | D        | Noticed Joseph
  1512 | D        | Killed Joseph
  1557 | D        | Noticed a stone giant
  1594 | D        | Killed a stone giant
  1713 | D        | Noticed an orc knight
  1713 | D        | Noticed an orc knight
  1722 | D        | Noticed an orc knight
  1731 | D        | Killed an orc knight
  1740 | D        | Noticed an orc sorcerer
  1749 | D        | Killed an orc knight
  1757 | D        | Killed an orc knight
  1765 | D        | Killed an orc sorcerer
  1775 | D        | Reached skill level 10 in Armour
  1791 | D        | Found Vacwiw Jad's General Store.
  1791 | D        | Noticed a two-headed ogre
  1791 | D        | Noticed an ogre mage
  1791 | D        | Noticed an ogre mage
  1796 | D        | Killed a two-headed ogre
  1797 | D        | Found Wof Roarasch's General Store.
  1797 | D        | Noticed an ogre mage
  1800 | D        | Noticed a two-headed ogre
  1806 | D        | Killed an ogre mage
  1811 | D        | Noticed a two-headed ogre
  1811 | D        | Killed an ogre mage
  1812 | D        | Reached XP level 12. HP: 84/108 MP: 12/12
  1813 | D        | Found Wesocump's Book Emporium.
  1823 | D        | Killed an ogre mage
  1831 | D        | Killed a two-headed ogre
  1832 | D        | Reached skill level 15 in Fighting
  1833 | D        | Killed a two-headed ogre
  1834 | D        | Found Buoroty's Weapon Shoppe.
  1839 | D        | Noticed a two-headed ogre
  1840 | D        | Noticed an ogre mage
  1847 | D        | Killed a two-headed ogre
  1855 | D        | Killed an ogre mage
  1949 | D        | Bought a phial of floods for 480 gold pieces
  1951 | D        | Bought a potion of mutation for 112 gold pieces
  1951 | D        | Bought a potion of resistance for 140 gold pieces
  1962 | D        | Bought a scorched scimitar for 189 gold pieces
  1962 | D        | Identified the +5 scimitar of Insomnia {heavy, SInv} (You
                  | bought it in a shop in the Dungeon)
  1962 | D        | Bought a glowing great sword for 199 gold pieces
  1965 | D        | Bought a ring of poison resistance for 260 gold pieces
  1965 | D        | Bought the ring of Xaupol {Drain rF+ Will- Dex+8 SInv} for
                  | 468 gold pieces
  2116 | D        | Noticed Gastronok
  2129 | D        | Killed Gastronok
  2272 | D        | Noticed a tengu warrior
  2273 | D        | Noticed an ogre mage
  2282 | D        | Noticed a cyan very ugly thing
  2285 | D        | Killed a tengu warrior
  2292 | D        | Noticed a centaur warrior
  2297 | D        | Noticed a spriggan berserker
  2299 | D        | Noticed a stone giant
  2309 | D        | Killed a cyan very ugly thing
  2324 | D        | Paralysed by an ogre mage for 2 turns
  2325 | D        | Killed an ogre mage
  2326 | D        | Noticed a deep troll shaman
  2331 | D        | Killed a centaur warrior
  2335 | D        | Killed a spriggan berserker
  2336 | D        | Noticed an ice dragon
  2345 | D        | Killed a stone giant
  2363 | D        | Reached XP level 13. HP: 118/119 MP: 13/13
  2375 | D        | Killed an ice dragon
  2423 | D        | Bought a sapphire potion for 32 gold pieces
  2423 | D        | Bought a runed plate armour for 936 gold pieces
  2484 | D        | Noticed Agnes
  2501 | D        | Killed Agnes
  3530 | D        | Noticed a merfolk impaler
  3531 | D        | Noticed a merfolk javelineer
  3575 | D        | Killed a merfolk javelineer
  3582 | D        | Killed a merfolk impaler
  3667 | D        | Reached skill level 27 in Long Blades
  3682 | D        | Reached XP level 14. HP: 77/131 MP: 14/14
  3955 | D        | Noticed Snorg
  3975 | D        | Killed Snorg
  4058 | D        | Noticed a stone giant
  4058 | D        | Noticed a stone giant
  4058 | D        | Noticed a stone giant
  4067 | D        | Noticed a vampire knight
  4070 | D        | Killed a stone giant
  4071 | D        | Noticed a stone giant
  4077 | D        | Killed a stone giant
  4085 | D        | Noticed a stone giant
  4085 | D        | HP: 5/133 [ice dragon (6)]
  4086 | D        | Paralysed by a vampire knight for 2 turns
  4094 | D        | Killed a vampire knight
  4119 | D        | Killed a stone giant
  4138 | D        | Killed a stone giant
  4140 | D        | Noticed a purple very ugly thing
  4165 | D        | Killed a stone giant
  4173 | D        | Killed a purple very ugly thing
  4477 | D        | Bought a scarf of resistance for 384 gold pieces
  4496 | D        | Noticed an ironbound preserver
  4496 | D        | Noticed an ironbound thunderhulk
  4511 | D        | Killed an ironbound thunderhulk
  4512 | D        | Reached skill level 15 in Armour
  4517 | D        | Noticed a deep elf demonologist
  4520 | D        | Killed a deep elf demonologist
  4554 | D        | Killed an ironbound preserver
  4584 | D        | Noticed a vault warden
  4610 | D        | Noticed a vault warden
  4619 | D        | Noticed a vault warden
  4623 | D        | Killed a vault warden
  4624 | D        | Noticed a vault warden
  4632 | D        | Killed a vault warden
  4635 | D        | Noticed a purple very ugly thing
  4645 | D        | Killed a vault warden
  4654 | D        | Killed a vault warden
  4670 | D        | Killed a purple very ugly thing
  4671 | D        | Reached XP level 15. HP: 45/146 MP: 15/15
  4698 | D        | HP: 3/146 [yaktaur captain (15)]
  5016 | D        | Noticed Frederick
  5031 | D        | Killed Frederick
  5243 | D        | Noticed Nikola
  5270 | D        | Killed Nikola
  5421 | D        | Noticed Jory
  5442 | D        | Killed Jory
  5443 | D        | Reached skill level 27 in Dodging
  5926 | D        | Noticed Boris
  5943 | D        | Killed Boris
  5944 | D        | Reached skill level 5 in Shields
  5952 | D        | Noticed Louise
  5974 | D        | Killed Louise
  6103 | D        | Noticed an emperor scorpion
  6103 | D        | Noticed a ghost moth
  6103 | D        | Noticed a ghost moth
  6103 | D        | Noticed an emperor scorpion
  6103 | D        | Noticed an emperor scorpion
  6109 | D        | Killed an emperor scorpion
  6113 | D        | Killed a ghost moth
  6120 | D        | Killed a ghost moth
  6130 | D        | Killed an emperor scorpion
  6138 | D        | Killed an emperor scorpion
  6142 | D        | Noticed a ghost moth
  6148 | D        | Killed a ghost moth
  6149 | D        | Noticed an emperor scorpion
  6150 | D        | Noticed an emperor scorpion
  6152 | D        | Noticed an emperor scorpion
  6355 | D        | Killed an emperor scorpion
  6358 | D        | Killed an emperor scorpion
  6366 | D        | Killed an emperor scorpion
  6377 | D        | Got a gossamer rune of Zot
  6437 | D        | Noticed Ilsuiw
  6455 | D        | Killed Ilsuiw
  6456 | D        | Reached skill level 10 in Shields
  6510 | D        | Got a barnacled rune of Zot
  6633 | D        | Bought the +3 pair of gauntlets of War {Slay+5} for 1282
                  | gold pieces
  6633 | D        | Found the +3 pair of gauntlets of War {Slay+5}
  6633 | D        | Bought a buzzing chain mail for 256 gold pieces
  6633 | D        | Identified the +8 chain mail "Ehamn" {rF+ Str+2} (You
                  | bought it in a shop in the Dungeon)
  6633 | D        | Bought a runed helmet for 202 gold pieces
  6668 | D        | Reached XP level 16. HP: 162/162 MP: 16/16
  6715 | D        | Noticed a nagaraja
  6715 | D        | Noticed a nagaraja
  6715 | D        | Noticed a nagaraja
  6716 | D        | Noticed a nagaraja
  6720 | D        | Noticed a nagaraja
  6727 | D        | Killed a nagaraja
  6734 | D        | Killed a nagaraja
  6737 | D        | Killed a nagaraja
  6740 | D        | Killed a nagaraja
  6743 | D        | Killed a nagaraja
  6781 | D        | Got a serpentine rune of Zot
  6805 | D        | Got a decaying rune of Zot
  6928 | D        | Noticed Mara
  6947 | D        | Noticed rocky1's illusion
  6970 | D        | Noticed rocky1's illusion
  6984 | D        | Killed Mara
  7045 | D        | Reached skill level 15 in Shields
  7051 | D        | Reached skill level 27 in Fighting
  7184 | D        | Bought a glowing hand crossbow for 234 gold pieces
  7189 | D        | Bought a scroll of acquirement for 624 gold pieces
  7189 | D        | Bought a scroll of fog for 48 gold pieces
  7189 | D        | Bought a scroll of immolation for 48 gold pieces
  7189 | D        | Bought a scroll of fear for 48 gold pieces
  7190 | D        | Acquired the +7 double sword of the Loving Rat {elec, *Slow
                  | rC+ rCorr}
  7199 | D        | Bought a potion of curing for 42 gold pieces
  7199 | D        | Bought a potion of mutation for 112 gold pieces
  7199 | D        | Bought a potion of haste for 140 gold pieces
  7199 | D        | Bought a potion of might for 56 gold pieces
  7199 | D        | Bought a potion of might for 56 gold pieces
  7290 | D        | Noticed a Hell Sentinel
  7317 | D        | Noticed a tengu reaver
  7320 | D        | Noticed a shadow dragon
  7321 | D        | Reached XP level 17. HP: 91/174 MP: 17/17
  7682 | D        | Noticed an ancient lich
  7682 | D        | Noticed a titan
  7701 | D        | Killed an ancient lich
  7707 | D        | Noticed a titan
  7730 | D        | Killed a titan
  7751 | D        | Killed a titan
  7757 | D        | Got a silver rune of Zot
  7778 | D        | Identified the +3 hand axe "Guesoa" {drain, rPois rCorr
                  | Dex-3 SInv}
  7889 | D        | Noticed Saint Roka
  7905 | D        | Killed Saint Roka
  7921 | D        | Noticed Margery
  7936 | D        | Killed Margery
  7950 | D        | Noticed Mennas
  7977 | D        | Killed Mennas
  8310 | D        | Noticed Sojobo
  8324 | D        | Paralysed by an air elemental for 1 turns
  8334 | D        | Killed Sojobo
  8616 | D        | Got the ring "Lyixtob" {rPois MP+9 Stlth+}
  8618 | D        | Got the ring of Ukku {rPois Str+3 Slay+3 SInv}
  8620 | D        | Got the ring "Kummekuo" {Will- Str+2 Int+6 Dex+2}
  8622 | D        | Got the ring of the Leaf {Fire Dex+5}
  8624 | D        | Got the amulet of Depilal {+Inv rPois Regen+ Str-2 Int+6}
  8814 | D        | Noticed a lich
  8814 | D        | Noticed a sphinx
  8818 | D        | Reached skill level 1 in Evocations
  8824 | D        | Killed a lich
  8835 | D        | Killed a sphinx
  8836 | D        | Reached skill level 5 in Throwing
  8866 | D        | Reached skill level 5 in Evocations
  8903 | D        | Noticed a bone dragon
  8923 | D        | Killed a bone dragon
  8924 | D        | Noticed a bone dragon
  8946 | D        | Killed a bone dragon
  8947 | D        | Reached XP level 18. HP: 182/182 MP: 18/18
  8976 | D        | Noticed a quicksilver dragon
  8978 | D        | Noticed a golden dragon
  9002 | D        | Killed a golden dragon
  9003 | D        | Reached skill level 10 in Throwing
  9006 | D        | Killed a quicksilver dragon
  9173 | D        | Bought a lumpy ruby potion for 28 gold pieces
  9173 | D        | Bought a scroll of fear for 128 gold pieces
  9173 | D        | Bought a potion of heal wounds for 160 gold pieces
  9173 | D        | Bought a potion of curing for 96 gold pieces
  9173 | D        | Bought a silver wand for 128 gold pieces
  9173 | D        | Bought a wand of flame (7) for 156 gold pieces
  9179 | D        | Noticed a quicksilver dragon
  9182 | D        | Killed a quicksilver dragon
  9183 | D        | Reached skill level 10 in Evocations
  9342 | D        | Noticed a golden dragon
  9342 | D        | Noticed a tentacled monstrosity
  9342 | D        | Noticed a tentacled monstrosity
  9351 | D        | Noticed a quicksilver dragon
  9355 | D        | Killed a golden dragon
  9360 | D        | Killed a tentacled monstrosity
  9364 | D        | Killed a tentacled monstrosity
  9383 | D        | Killed a quicksilver dragon
  9510 | D        | Noticed a tentacled monstrosity
  9510 | D        | Noticed an electric golem
  9515 | D        | Killed a tentacled monstrosity
  9572 | D        | Killed an electric golem
  9656 | D        | Bought the +27 heavy crossbow "Sniper" {heavy, Acc+∞ SInv}
                  | for 1680 gold pieces
  9656 | D        | Found the +27 heavy crossbow "Sniper" {heavy, Acc+∞ SInv}
  9656 | D        | Bought a masterwork scimitar for 189 gold pieces
  9656 | D        | Identified the +1 scimitar of Karch {venom, rPois rC+++
                  | Str+2 Dex-3} (You bought it in a shop in the Dungeon)
  9736 | D        | Noticed an Orb Guardian
  9736 | D        | Noticed an Orb Guardian
  9736 | D        | Noticed an Orb Guardian
  9736 | D        | Noticed an Orb Guardian
  9736 | D        | Noticed an Orb Guardian
  9736 | D        | Noticed an Orb Guardian
  9738 | D        | Killed an Orb Guardian
  9738 | D        | Noticed an Orb Guardian
  9739 | D        | Reached skill level 27 in Shields
  9744 | D        | Killed an Orb Guardian
  9748 | D        | Killed an Orb Guardian
  9749 | D        | Killed an Orb Guardian
  9749 | D        | Noticed an Orb Guardian
  9750 | D        | Reached skill level 5 in Ranged Weapons
  9752 | D        | Killed an Orb Guardian
  9753 | D        | Noticed an Orb Guardian
  9757 | D        | Noticed an Orb Guardian
  9758 | D        | Killed an Orb Guardian
  9762 | D        | Killed an Orb Guardian
  9767 | D        | Killed an Orb Guardian
  9774 | D        | Killed an Orb Guardian
  9779 | D        | Killed an Orb Guardian
  9813 | D        | Noticed a golden dragon
  9813 | D        | Noticed an Orb Guardian
  9813 | D        | Noticed an Orb Guardian
  9813 | D        | Noticed a curse toe
  9826 | D        | Killed a golden dragon
  9827 | D        | Reached skill level 27 in Armour
  9827 | D        | Noticed an Orb Guardian
  9829 | D        | Killed an Orb Guardian
  9830 | D        | Reached skill level 10 in Ranged Weapons
  9835 | D        | Killed an Orb Guardian
  9844 | D        | Noticed an Orb Guardian
  9854 | D        | Killed a curse toe
  9855 | D        | Reached XP level 19. HP: 55/189 MP: 19/19
  9965 | D        | Bought a scroll of acquirement for 884 gold pieces
  9965 | D        | Bought a tin of tremorstones (2/2) for 680 gold pieces
  9965 | D        | Acquired a manual of Air Magic
  9971 | D        | Bought a potion of curing for 45 gold pieces
  9971 | D        | Bought a potion of mutation for 120 gold pieces
  9971 | D        | Bought a potion of curing for 45 gold pieces
  9971 | D        | Bought a potion of mutation for 120 gold pieces
  9971 | D        | Bought a potion of curing for 45 gold pieces
  9971 | D        | Bought a potion of magic for 120 gold pieces
  9974 | D        | Noticed an ancient lich
  9980 | D        | Killed an ancient lich
  9984 | D        | Noticed an orb of fire
  9988 | D        | Gained mutation: Your spells are a little easier to cast,
                  | but a little less powerful. [an orb of fire]
  9990 | D        | Killed an orb of fire
  9993 | D        | Noticed an electric golem
 10001 | D        | Noticed an orb of fire
 10001 | D        | Noticed an electric golem
 10001 | D        | Noticed an ancient lich
 10001 | D        | Noticed a golden dragon
 10002 | D        | Noticed an ancient lich
 10008 | D        | Killed an electric golem
 10009 | D        | Reached skill level 10 in Stealth
 10013 | D        | Noticed an orb of fire
 10013 | D        | Killed an orb of fire
 10023 | D        | Killed an ancient lich
 10024 | D        | Reached skill level 15 in Ranged Weapons
 10028 | D        | Noticed an orb of fire
 10029 | D        | Killed an ancient lich
 10038 | D        | Killed an orb of fire
 10039 | D        | Reached skill level 15 in Stealth
 10039 | D        | Noticed an electric golem
 10039 | D        | Noticed an electric golem
 10049 | D        | Gained mutation: Your magical capacity is low. (-10% MP)
                  | [an orb of fire]
 10058 | D        | Noticed an orb of fire
 10059 | D        | Killed an orb of fire
 10060 | D        | Reached skill level 15 in Evocations
 10061 | D        | Noticed a golden dragon
 10066 | D        | Gained mutation: You sometimes lose your temper in combat.
                  | [an orb of fire]
 10067 | D        | Gained mutation: Your magical capacity is very low. (-20%
                  | MP) [an orb of fire]
 10068 | D        | Gained mutation: You have an uncontrollable temper. [an orb
                  | of fire]
 10072 | D        | Killed an orb of fire
 10078 | D        | Killed a golden dragon
 10093 | D        | Killed an electric golem
 10097 | D        | Killed a golden dragon
 10106 | D        | Killed an electric golem
 10113 | D        | Killed an electric golem
 10507 | D        | Lost mutation: Your magical capacity is very low. (-20% MP)
                  | [potion of mutation]
 10507 | D        | Lost mutation: Your magical capacity is low. (-10% MP)
                  | [potion of mutation]
 10507 | D        | Lost mutation: Your spells are a little easier to cast, but
                  | a little less powerful. [potion of mutation]
 10507 | D        | Gained mutation: Your flesh is heat resistant. (rF+)
                  | [potion of mutation]
 10507 | D        | Gained mutation: You are partially covered in iridescent
                  | scales. (AC +2) [potion of mutation]
 10507 | D        | Gained mutation: You are vulnerable to cold. (rC-) [potion
                  | of mutation]
 10508 | D        | Lost mutation: You are vulnerable to cold. (rC-) [potion of
                  | mutation]
 10508 | D        | Lost mutation: You have an uncontrollable temper. [potion
                  | of mutation]
 10508 | D        | Gained mutation: You are agile. (Dex +4, Str/Int -1)
                  | [potion of mutation]
 10509 | D        | Lost mutation: Your flesh is heat resistant. (rF+) [potion
                  | of mutation]
 10509 | D        | Lost mutation: You are partially covered in iridescent
                  | scales. (AC +2) [potion of mutation]
 10509 | D        | Lost mutation: You are agile. (Dex +4, Str/Int -1) [potion
                  | of mutation]
 10509 | D        | Gained mutation: You occasionally lose the ability to drink
                  | potions when taking damage. [potion of mutation]
 10509 | D        | Gained mutation: Your system is resistant to poisons.
                  | (rPois) [potion of mutation]
 10510 | D        | Lost mutation: You sometimes lose your temper in combat.
                  | [potion of mutation]
 10510 | D        | Lost mutation: You occasionally lose the ability to drink
                  | potions when taking damage. [potion of mutation]
 10510 | D        | Lost mutation: Your system is resistant to poisons. (rPois)
                  | [potion of mutation]
 10510 | D        | Gained mutation: Armour fits poorly on your strangely
                  | shaped body. [potion of mutation]
 10510 | D        | Gained mutation: Your mind is acute. (Int +4, Str/Dex -1)
                  | [potion of mutation]
 10510 | D        | Lost mutation: Your mind is acute. (Int +4, Str/Dex -1)
                  | [potion of mutation]
 10511 | D        | Lost mutation: Armour fits poorly on your strangely shaped
                  | body. [potion of mutation]
 10511 | D        | Gained mutation: Your spells are a little harder to cast,
                  | but a little more powerful. [potion of mutation]
 10511 | D        | Gained mutation: You sometimes lose your temper in combat.
                  | [potion of mutation]
 10512 | D        | Lost mutation: You sometimes lose your temper in combat.
                  | [potion of mutation]
 10512 | D        | Lost mutation: Your spells are a little harder to cast, but
                  | a little more powerful. [potion of mutation]
 10512 | D        | Gained mutation: You occasionally shout uncontrollably at
                  | your foes. [potion of mutation]
 10512 | D        | Gained mutation: You have very sharp teeth. [potion of
                  | mutation]
 11838 | D        | Bought Great Wizards, Vol. II for 418 gold pieces
 11838 | D        | Bought a book of Winter for 374 gold pieces
 11838 | D        | Bought a book of Beasts for 418 gold pieces
 11838 | D        | Bought a book of Vapours for 220 gold pieces
 11838 | D        | Bought a book of the Hunter for 286 gold pieces
 11838 | D        | Bought a book of Flames for 308 gold pieces
 11838 | D        | Bought a book of Hexes for 396 gold pieces
 11838 | D        | Bought a Trismegistus Codex for 308 gold pieces
 11838 | D        | Bought a book of Rime for 308 gold pieces
 11838 | D        | Bought a book of Alchemy for 308 gold pieces
 13247 | D        | Noticed an ancient lich
 13247 | D        | Noticed an ancient lich
 13252 | D        | Paralysed by a vampire knight for 3 turns
 13261 | D        | Killed an ancient lich
 13262 | D        | Reached XP level 20. HP: 197/197 MP: 20/20
 13278 | D        | Killed an ancient lich
 13419 | D        | Reached skill level 15 in Throwing
 13457 | D        | Got an elven rune of Zot
 13519 | D        | Paralysed by a floating eye for 3 turns
 13530 | D        | Paralysed by a floating eye for 4 turns
 13547 | D        | Noticed the Royal Jelly
 13550 | D        | Paralysed by a floating eye for 2 turns
 13554 | D        | Paralysed by a floating eye for 3 turns
 13954 | D        | Killed the Royal Jelly
 14027 | D        | Got a slimy rune of Zot
 14069 | D        | Bought a potion of magic for 112 gold pieces
 14069 | D        | Bought a potion of heal wounds for 70 gold pieces
 14069 | D        | Bought a potion of invisibility for 112 gold pieces
 14069 | D        | Bought a potion of heal wounds for 70 gold pieces
 14069 | D        | Bought a potion of haste for 140 gold pieces
 14184 | D        | Reached skill level 27 in Stealth
 14193 | D        | Paralysed by a sphinx for 2 turns
 14207 | D        | Paralysed by a sphinx for 3 turns
 14452 | D        | Bought a scroll of acquirement for 884 gold pieces
 14452 | D        | Acquired 677 gold pieces
 14496 | D        | Noticed a royal mummy
 14709 | D        | Killed a royal mummy
 14710 | D        | Reached XP level 21. HP: 191/204 MP: 21/21
 14944 | D        | Noticed a royal mummy
 14944 | D        | Noticed a royal mummy
 14944 | D        | Noticed a royal mummy
 14944 | D        | Noticed a royal mummy
 14944 | D        | Noticed a royal mummy
 14948 | D        | Killed a royal mummy
 14951 | D        | Killed a royal mummy
 14962 | D        | Noticed a royal mummy
 14963 | D        | Killed a royal mummy
 15063 | D        | Killed a royal mummy
 15086 | D        | Killed a royal mummy
 15169 | D        | Killed a royal mummy
 15277 | D        | Got a golden rune of Zot
 15431 | D        | Got an abyssal rune of Zot
 15673 | D        | Noticed Geryon
 15681 | D        | Killed Geryon
 15693 | D        | Bought a glass wand for 120 gold pieces
 15704 | D        | Noticed Ereshkigal
 15704 | D        | Noticed Mnoleg
 15743 | D        | HP: 9/195 [???[Ereshkigal] (6)]
 15921 | D        | Killed Ereshkigal
 15922 | D        | Reached skill level 27 in Evocations
 15942 | D        | Paralysed by a floating eye for 4 turns
 15944 | D        | Gained mutation: You are partially covered in iridescent
                  | scales. (AC +2) [Mnoleg's mutagenic touch]
 15947 | D        | Gained mutation: A frigid envelope surrounds you and
                  | freezes all who hurt you. [Mnoleg's mutagenic touch]
 15958 | D        | Killed Mnoleg
 16294 | D        | Found the +7 sceptre of Asmodeus
 16294 | D        | Noticed Asmodeus
 16320 | D        | Killed Asmodeus
 16466 | D        | Got a bone rune of Zot
 16468 | D        | Noticed Antaeus
 16470 | D        | Got a glowing rune of Zot
 16472 | D        | Found the +6 sword of Cerebov {flame}
 16472 | D        | Noticed Cerebov
 16473 | D        | Found the +4 staff of Dispater
 16473 | D        | Noticed Dispater
 16474 | D        | Got an obsidian rune of Zot
 16614 | D        | Killed Cerebov
 16615 | D        | Reached skill level 27 in Ranged Weapons
 16883 | D        | Killed Antaeus
 16884 | D        | Reached skill level 5 in Spellcasting
 17187 | D        | Noticed Lom Lobon
 17382 | D        | Killed Dispater
 17483 | D        | Killed Lom Lobon
 17484 | D        | Reached skill level 27 in Throwing
 17484 | D        | Reached skill level 10 in Air Magic
 17523 | D        | Got an icy rune of Zot
 17527 | D        | Got a fiery rune of Zot
 17529 | D        | Noticed Gloorx Vloq
 17811 | D        | Killed Gloorx Vloq
 17812 | D        | Reached skill level 10 in Spellcasting
 17813 | D        | Got a magical rune of Zot
 17817 | D        | Got a dark rune of Zot
 17824 | D        | Got an iron rune of Zot
 18837 | D        | Got the Orb of Zot
 19291 | D        | Reached XP level 22. HP: 212/212 MP: 38/38
 19519 | D        | Noticed Goala the pandemonium lord
 19524 | D        | Reached skill level 15 in Air Magic
 19552 | D        | HP: 1/212 [Goala the pandemonium lord/arc of chain
                  | lightning (34)]
 19555 | D        | Killed Goala the pandemonium lord
 19596 | D        | Reached skill level 15 in Spellcasting
 19620 | D        | Noticed Tiamm the pandemonium lord
 19629 | D        | Killed Tiamm the pandemonium lord
 19716 | D        | Noticed Boris
 19725 | D        | Killed Boris
 19729 | D        | Bought a potion of resistance for 210 gold pieces
 19729 | D        | Bought a potion of resistance for 210 gold pieces
 19729 | D        | Bought a potion of curing for 63 gold pieces
 19729 | D        | Bought a potion of curing for 63 gold pieces
 19729 | D        | Bought a potion of curing for 63 gold pieces
 19729 | D        | Bought 2 potions of heal wounds for 210 gold pieces
 20117 | D        | Noticed Goneur the pandemonium lord
 20154 | D        | Killed Goneur the pandemonium lord
 20297 | D        | Noticed Okhlepuad the pandemonium lord
 20331 | D        | Killed Okhlepuad the pandemonium lord
 20748 | D        | Noticed Padwivoo the pandemonium lord
 20757 | D        | Killed Padwivoo the pandemonium lord
 20907 | D        | Noticed Uwonax the pandemonium lord
 20927 | D        | Killed Uwonax the pandemonium lord
 21772 | D        | Escaped with the Orb!

Illustrated notes

Levels and vault maps discovered:
D:        linesprint [early_d, line_temple, items_1, d_10, items_2, lair_1,
          lair_end, items_3, orc_1, orc_end, items_4, d_15, swamp_1, shoals_1,
          snake_1, spider_1, d_20, vaults_1, items_5, swamp_end, shoals_end,
          snake_end, spider_end, vaults_end, d_27, items_6, zot_1, zot_end,
          crypt_end, forest_end, elf_end, slime_end, tomb_end, abyss_end,
          pan_hell_end]

Skill      XL: |  1  2  3  4  5  6  7  8  9 10 11 12 13 14 15 16 17 18 19 20 21 22 |
---------------+-------------------------------------------------------------------+-----
Long Blades    | 6 7 9 11 12 13 15 17 19 22 24 27 | 27.0
Fighting       | 3 4 5 7 8 9 11 12 14 16 18 22 25 27 | 27.0
Armour         | 1 3 4 5 6 7 8 10 11 13 16 18 21 24 27 | 27.0
Dodging        | 5 6 8 9 10 11 12 14 15 17 19 22 25 27 | 27.0
Shields        | 11 19 24 27 | 27.0
Throwing       | 8 14 20 27 | 27.0
Evocations     | 7 13 19 25 27 | 27.0
Ranged Weapons | 12 19 23 27 | 27.0
Stealth        | 22 27 | 27.0
Spellcasting   | 12 24 | 24.1
Air Magic      | 14 23 | 23.5

Action                   |  1- 3 |  4- 6 |  7- 9 | 10-12 | 13-15 | 16-18 | 19-21 | 22-24 || total
-------------------------+-------+-------+-------+-------+-------+-------+-------+-------++-------
Melee: Long sword        |    39 |       |       |       |       |       |       |       ||    39
       Scimitar          |       |    30 |    89 |   376 |   567 |       |       |       ||  1062
       Punch             |       |       |     1 |     4 |    10 |       |       |       ||    15
       Double sword      |       |       |       |       |   166 |   722 |   400 |       ||  1288
       Tailslap          |       |       |       |       |     1 |       |    15 |       ||    16
       Bite              |       |       |       |       |       |       |   132 |    53 ||   185
       Eudemon blade     |       |       |       |       |       |       |   336 |   274 ||   610
Throw: Javelin           |       |       |       |       |       |     5 |     4 |       ||     9
       Throwing net      |       |       |       |       |       |     1 |       |       ||     1
Invok: Call Merchant     |       |       |       |     3 |     3 |     6 |     6 |     1 ||    19
       Potion Petition   |       |       |       |     1 |     8 |       |     1 |     1 ||    11
Evoke: Wand              |       |       |       |     6 |       |       |       |       ||     6
       Phial of floods   |       |       |       |       |       |     1 |     4 |       ||     5
       Tin of tremorston |       |       |       |       |       |       |     4 |       ||     4
  Use: Potion            |     2 |     4 |     2 |     2 |     4 |     1 |    19 |    14 ||    48
       Scroll            |     1 |       |       |     2 |     6 |    12 |     7 |       ||    28
 Stab: Invisible         |       |     6 |     2 |     6 |    10 |       |       |       ||    24
       Distracted        |       |       |     1 |    12 |    16 |    31 |    38 |     7 ||   105
       Sleeping          |       |       |       |       |       |       |     5 |       ||     5
Armor: Leather armour    |    10 |       |       |       |       |       |       |       ||    10
       Scale mail        |       |     1 |    30 |    30 |     9 |       |       |       ||    70
       Plate armour      |       |       |       |       |   121 |    79 |       |       ||   200
       Chain mail        |       |       |       |       |       |    50 |    96 |    34 ||   180
Dodge: Dodged            |    27 |    24 |    41 |   125 |   307 |   211 |   167 |    72 ||   974
Block: Kite shield       |       |       |       |       |   123 |   176 |       |       ||   299
       Tower shield      |       |       |       |       |       |   322 |   581 |   260 ||  1163

Table legend: (Time is in decaauts) A = Elapsed time spent in this place. B = Non-inter-level travel time spent in this place. C = Inter-level travel time spent in this place. D = Time resting spent in this place. E = Time spent auto-exploring this place. F = Levels seen in this place. G = Mean time per level. A B C D E F G +--------+--------+--------+--------+--------+-----+--------+ Total | 20457 | 17835 | 2622 | 8444 | 1218 | 1 | 20457.0 | Dungeon | 20457 | 17835 | 2622 | 8444 | 1218 | 1 | 20457.0 | +--------+--------+--------+--------+--------+-----+--------+

Top non-repeatable levels by time:
       D: 20457 daAuts
